Description

Hi.

This build is a fun build that i made with the help of SCFusion to rush one Brood Lord with some queens in a dropperlord to support. It's fun, but not very effective.

VOD

https://youtu.be/EU2ME7WiZDA

Replay - Brood Lord rush with queen drop to support

Build Order

Get SALT Encoding   

  12  0:01  Drone  
  13  0:08  Drone  
  14  0:14  Extractor  
  14  0:16  Drone  
  14  0:32  Spawning Pool  
  13  0:36  Drone  
  14  0:46  Overlord  
  14  0:50  Extractor  Extractor trick
  14  0:53  Drone  
  15  1:04  Drone x2  
  17  1:18  Lair  
  17  1:19  Extractor  
  17  1:21  Drone x2  
  17  1:29  Drone  
  20  1:57  Hatchery  
  19  2:16  Queen  
  19  2:17  Infestation Pit  
  20  2:54  Hive  
  20  2:56  Spire  
  22  3:16  Queen  
  24  3:44  Overlord  
  27  3:50  Extractor  Extractor trick
  27  3:52  Queen  
  29  3:57  Overlord  
  29  4:05  Pneumatized Carapace  
  29  4:08  Greater Spire  
  32  4:19  Evolution Chamber  
  32  4:23  Corruptor  
  33  4:31  Queen  
  35  4:48  Queen  
  35  4:51  Overlord  
  41  5:16  Queen  
  48  5:25  Brood Lord  
Spawning Tool Build Advisor. Get it on Overwolf

Go to:

Details

  • Created by: marre2795     
  • Published on: May 19, 2017
  • Modified on: Jun 08, 2017
  • Patch: 3.8.0
Show
View Real Time Build Order
Export as new Build Order

Comments (0)

There are no comments. Be the first!

Create an account to comment!